 Dungeon Crawl Stone Soup version 0.31-a0-986-g5e6e4ef867 (webtiles) character file.

Game seed: 3682430021695860107

12 Pooter the Digger (level 2, 0/15 HPs)
             Began as a Gargoyle Earth Elementalist on Nov 18, 2023.
             Was a Follower of Sif Muna.
             Slain by Natasha (3 damage)
             ... on level 2 of the Dungeon.
             The game lasted 00:09:27 (535 turns).

Pooter the Digger (Gargoyle Earth Elementalist)      Turns: 535, Time: 00:09:27

Health: 0/15       AC:  5    Str: 11    XL:     2   Next: 33%
Magic:  2/5        EV: 12    Int: 15    God:    Sif Muna [*.....]
Gold:   32         SH:  0    Dex: 10    Spells: 2/5 levels left

rFire   . . .        a - +0 short sword
rCold   . . .        (no shield)
rNeg    + . .        d - +0 robe
rPois   ∞            (no helmet)
rElec   +            c - +0 cloak
rCorr   .            (no gloves)
SInv    .            (no boots)
Will    .....        (no amulet)
Stlth   ++           (no ring)
HPRegen 0.22/turn    (no ring)
MPRegen 0.09/turn

%: no passive effects
@: no status effects
A: sickness immunity, AC +2, negative energy resistance 1, electricity
resistance, torment resistance 1, petrification resistance
a: Renounce Religion, Channel Magic


You were on level 2 of the Dungeon.
You worshipped Sif Muna.
Sif Muna was aware of your devotion.
You visited 1 branch of the dungeon, and saw 2 of its levels.

You collected 32 gold pieces.

Inventory:

Hand Weapons
 a - a +0 short sword (weapon)
   (You found it on level 2 of the Dungeon)
Armour
 c - a +0 cloak (worn)
   (You found it on level 1 of the Dungeon)
 d - a +0 robe (worn)
Potions
 b - a potion of magic


   Skills:
 - Level 1.6 Dodging
 + Level 2.4 Stealth
 * Level 2.2 Spellcasting
 + Level 0.4 Conjurations
 + Level 0.9 Transmutations
 + Level 3.7 Earth Magic
 + Level 0.3 Invocations


You had 2 spell levels left.
You knew the following spells:

 Your Spells              Type           Power      Damage    Failure   Level
a - Sandblast             Erth           24%        2d8       4%          1
b - Passwall              Tmut/Erth      6%         N/A       13%         2

Your spell library contained the following spells:

 Spells                   Type           Power      Damage    Failure   Level
 Stone Arrow              Conj/Erth      16%        3d8       26%         3
 Petrify                  Tmut/Erth      8%         N/A       63%         4
 Brom's Barrelling Bould  Conj/Erth      8%         2d3       65%         4


Dungeon Overview and Level Annotations

Branches:
Dungeon (1/15) Zot: 11456

Altars:
Sif Muna

Shops:
D:1 =

Annotations:
D:2 Natasha


Innate Abilities, Weirdness & Mutations

You are immune to sickness and miasma.
Your stone body is resilient. (AC +2)
You are immune to poison.
You resist negative energy. (rN+)
You are resistant to electric shocks. (rElec)
You are resistant to unholy torment.
You are immune to petrification.


Message History

You kill the rat!
Sif Muna accepts your kill.
You start resting.
You now have 16 gold pieces.
You now have 32 gold pieces (gained 16).
You open the door.
There is an open door here.
Found a short sword.
You see here a +0 short sword.
Press: ? - help, v - describe, . - travel, g - get item Item here: a +0 short sword.
The floor.
Unknown command.
You are now empty-handed.
You drop a +0 club.
d - a +0 short sword Adjust to which letter? (? for menu, Esc to quit)
a - a +0 short sword;
d - a +0 robe (worn)
a - a +0 short sword (weapon)
You open the door.
There is an open door here.
Natasha, Servant of Life and Death comes into view.
Natasha hisses angrily.
Natasha casts a spell.
Unknown command.
Found a stone staircase leading down.
Casting: Sandblast (safe; 4% risk of failure)
Confirm with . or Enter, or press ? or * to list all spells.
Aiming: Sandblast (safe; 4% risk of failure)
Press: ? - help, Shift-Dir - straight line, f - Natasha
Aim: Natasha (77% to hit)
The blast of sand hits Natasha.
Casting: Sandblast (safe; 4% risk of failure)
Confirm with . or Enter, or press ? or * to list all spells.
Aiming: Sandblast (safe; 4% risk of failure)
Press: ? - help, Shift-Dir - straight line, f/p - Natasha
Aim: Natasha (moderately wounded, 77% to hit)
The blast of sand misses Natasha.
Natasha claws you but does no damage.
The cerulean imp hits you but does no damage.
Casting: Sandblast (safe; 4% risk of failure)
Confirm with . or Enter, or press ? or * to list all spells.
Aiming: Sandblast (safe; 4% risk of failure)
Press: ? - help, Shift-Dir - straight line, f/p - Natasha
Aim: Natasha (moderately wounded, 77% to hit)
The blast of sand hits Natasha.
Natasha claws you.
The cerulean imp hits you from afar with a +2 spear.
* * * LOW HITPOINT WARNING * * *
A bat comes into view.
Natasha claws you.
You die...
Natasha curls up and begins to purr.

b... .... ...#
...# ...#
###5..###
#.h...... #@#
########## #.#
#........# #.#
#.######.####
#.####.# #.#...
#......# #.#...
#############'#...
#..........
#..........
#..........


You could see Natasha, a cerulean imp (summoned) and a bat (wandering).

Vanquished Creatures
  3 bats (D:1)
  4 endoplasms (D:1)
  A giant cockroach (D:1)
  A frilled lizard (D:1)
  2 rats
11 creatures vanquished.

Notes
Turn   | Place    | Note
-------+----------+-------------------------------------------
     0 | D:1      | Pooter the Gargoyle Earth Elementalist began the quest for
                  | the Orb.
     0 | D:1      | Reached XP level 1. HP: 10/10 MP: 3/3
   112 | D:1      | Found a faded altar of an unknown god.
   120 | D:1      | Prayed at the altar of an unknown god.
   120 | D:1      | Became a worshipper of Sif Muna the Loreminder
   120 | D:1      | Reached * piety under Sif Muna
   187 | D:1      | Reached XP level 2. HP: 15/15 MP: 1/5
   225 | D:1      | Learned a level 2 spell: Passwall
   404 | D:1      | Found Kingiog's Jewellery Boutique.
   442 | D:1      | You fall into a shaft and drop 1 floor!
   531 | D:2      | Noticed Natasha
   535 | D:2      | Slain by Natasha

Illustrated notes

Levels and vault maps discovered:
D:1:      psy_arrival_basics, layout_basic, hellmonk_ecumenical_altar_run_dry,
          serial_shops, nicolae_shop_trees
D:2:      layout_basic, columned_hall_lemuel, uniq_natasha

Action                     || total
---------------------------++-------
  Melee: Unarmed           ||     1
         Club              ||     2
   Cast: Sandblast         ||    18
 Armour: Robe              ||     8
  Dodge: Dodged            ||     2

Table legend: (Time is in decaauts)
 A = Elapsed time spent in this place.
 B = Non-inter-level travel time spent in this place.
 C = Inter-level travel time spent in this place.
 D = Time resting spent in this place.
 E = Time spent auto-exploring this place.
 F = Levels seen in this place.
 G = Mean time per level.
                   A        B        C        D        E       F      G
               +--------+--------+--------+--------+--------+-----+--------+
         Total |    541 |    541 |      0 |    257 |     92 |   2 |  270.5 |
       Dungeon |    541 |    541 |      0 |    257 |     92 |   2 |  270.5 |
               +--------+--------+--------+--------+--------+-----+--------+

Top non-repeatable levels by time:
     D:1: 448 daAuts
     D:2: 93 daAuts
